 Dungeon Crawl Stone Soup version 0.30-a0-711-gf4ac18a (webtiles) character file.

Game seed: 7895522106113002307

229 malesh the Sneak (level 6, -2/33 HPs)
             Began as a Kobold Enchanter on Jan 22, 2023.
             Slain by Grinder (3 damage)
             ... on level 3 of the Dungeon.
             The game lasted 00:05:13 (2070 turns).

malesh the Sneak (Kobold Enchanter)                 Turns: 2070, Time: 00:05:13

Health: -2/33      AC:  3    Str:  5    XL:     6   Next: 23%
Magic:  7/10       EV: 15    Int: 18    God:
Gold:   57         SH:  0    Dex: 16    Spells: 2/10 levels left

rFire   . . .      SeeInvis .    a - +1 dagger
rCold   . . .      Faith    .    (no shield)
rNeg    . . .      Spirit   .    b - +0 robe
rPois   .          Reflect  .    g - +0 helmet
rElec   .          Harm     .    (no cloak)
rCorr   .          Rampage  .    (no gloves)
Will    .....                    (no boots)
Stlth   +++++                    (no amulet)
HPRegen 0.25/turn                (no ring)
MPRegen 0.12/turn                (no ring)

@: no status effects
A: small, no large weapons, nightstalker 3
a: no special abilities


You were on level 3 of the Dungeon.
You visited 1 branch of the dungeon, and saw 3 of its levels.

You collected 57 gold pieces.

Inventory:

Hand Weapons
 a - a +1 dagger (weapon)
Armour
 b - a +0 robe (worn)
 g - a +0 helmet (worn)
 n - a +2 kite shield
 o - a scarf of harm
Scrolls
 d - a scroll of fog {unknown}
 h - a scroll of noise {unknown}
 k - 2 scrolls of identify {unknown}
 l - a scroll of enchant weapon {unknown}
Potions
 c - 2 potions of invisibility
 e - a potion of curing {unknown}
 f - 3 potions of haste {unknown}
 i - 2 potions of berserk rage {unknown}
 j - a potion of heal wounds {unknown}
 m - 2 potions of might {unknown}


   Skills:
 + Level 0.8 Fighting
 + Level 3.6 Short Blades
 + Level 3.1 Dodging
 + Level 6.8 Stealth
 + Level 2.8 Spellcasting
 + Level 3.3 Hexes
 + Level 0.4 Ice Magic


You had 2 spell levels left.
You knew the following spells:

 Your Spells              Type           Power      Damage    Failure   Level
a - Ensorcelled Hibernat  Hex/Ice        18%        N/A       12%         2
b - Confusing Touch       Hex            14%        N/A       12%         3
c - Tukima's Dance        Hex            14%        N/A       12%         3

Your spell library contained the following spells:

 Spells                   Type           Power      Damage    Failure   Level
 Magic Dart               Conj           8%         1d3       17%         1
 Summon Small Mammal      Summ           8%         N/A       17%         1
 Call Imp                 Summ           2%         N/A       26%         2
 Cigotuvi's Dreadful Rot  Necr/Pois/Air  4%         N/A       26%         2
 Lesser Beckoning         Tloc           4%         N/A       26%         2
 Poisonous Vapours        Pois/Air       4%         N/A       26%         2
 Dazzling Flash           Conj/Hex       16%        N/A       26%         3
 Summon Guardian Golem    Hex/Summ       8%         N/A       26%         3
 Call Canine Familiar     Summ           2%         N/A       45%         3
 Gell's Gravitas          Tloc           2%         N/A       45%         3
 Mephitic Cloud           Conj/Pois/Air  2%         N/A       45%         3
 Teleport Other           Tloc           2%         N/A       45%         3


Dungeon Overview and Level Annotations

Branches:
Dungeon (3/15)

Altars:

Annotations:
D:3 Grinder


Innate Abilities, Weirdness & Mutations

You are small and have problems with some larger weapons.
You are completely attuned to the shadows.


Message History

You kill the ball python!
There is a stone staircase leading up here.
The helpless kobold fails to defend itself.
You skewer the kobold like a kebab!!!
You kill the kobold!
There is a stone staircase leading up here.
You see here a staff of air.
Grinder comes into view.
Grinder shouts!
Grinder hits you but does no damage.
Press: ? - help, v - describe, . - travel
Here: Grinder The floor.
Unknown command.
Unknown command.
Casting: Ensorcelled Hibernation (safe; 12% risk of failure)
Confirm with . or Enter, or press ? or * to list all spells.
Okay, then.
Casting: Ensorcelled Hibernation (safe; 12% risk of failure)
Confirm with . or Enter, or press ? or * to list all spells.
The spell is quite dangerous to miscast (12% risk of failure)!
Continue anyway?
Your hands begin to glow red.
Grinder hits you!
You writhe in agony.
You closely miss Grinder.
Grinder blinks!
Grinder gestures at you.
You barely resist. Grinder hits you!
You writhe in agony.
You barely miss Grinder. Grinder misses you.
You hit Grinder but do no damage.
Grinder appears confused.
Grinder hits you.
You barely miss Grinder.
You catch the helpless Grinder completely off-guard!
You impale Grinder!!
Grinder is heavily wounded.
Grinder hits you!
* * * LOW HITPOINT WARNING * * *
You writhe in agony.
* * * LOW HITPOINT WARNING * * *
You hit Grinder but do no damage.
Grinder is heavily wounded.
Grinder hits you.
You die...

#.# #.# #.# .
####.##..
.........
####.##....#
#@# #.#.# #5#
#.#.#####
####.###.#.#...
........†.<..#
####..|...#..#
######...)#
##.#... #.#####
#..


You could see Grinder (confused).

Vanquished Creatures
  Sigmund (D:2)
  3 adders (D:2)
  A dart slug (D:2)
  An endoplasm (D:1)
  2 giant cockroaches
  4 goblins
  6 hobgoblins
  3 kobolds
  2 quokkas
  5 ball pythons
  3 bats (D:1)
  5 frilled lizards
  3 rats (D:1)
39 creatures vanquished.

Notes
Turn   | Place    | Note
-------+----------+-------------------------------------------
     0 | D:1      | malesh the Kobold Enchanter began the quest for the Orb.
     0 | D:1      | Reached XP level 1. HP: 10/10 MP: 3/3
   146 | D:1      | Reached XP level 2. HP: 14/15 MP: 5/5
   179 | D:1      | Learned a level 2 spell: Ensorcelled Hibernation
   675 | D:1      | Reached XP level 3. HP: 19/19 MP: 6/6
   810 | D:2      | Noticed Sigmund
   813 | D:2      | Killed Sigmund
   814 | D:2      | Reached skill level 6 in Stealth
   814 | D:2      | Reached XP level 4. HP: 24/24 MP: 4/8
   814 | D:2      | Reached XP level 5. HP: 28/28 MP: 4/9
   893 | D:2      | Learned a level 3 spell: Confusing Touch
   897 | D:2      | Learned a level 3 spell: Tukima's Dance
  1015 | D:2      | Reached XP level 6. HP: 26/33 MP: 0/10
  2058 | D:3      | Noticed Grinder
  2069 | D:3      | HP: 1/33 [Grinder (1)]
  2070 | D:3      | Slain by Grinder

Illustrated notes

Levels and vault maps discovered:
D:1:      dpeg_arrival_windows_large_door, layout_loops_ring
D:2:      layout_basic, corexii_corridor_pit, st_stairs_4, feat_on_display,
          uniq_sigmund
D:3:      layout_loops_ring, nicolae_dithmenos_the_darkroom,
          minmay_fountain_box, uniq_grinder

Skill      XL: |  1  2  3  4  5  6 |
---------------+-------------------+-----
Short Blades   | 2 3 |  3.6
Stealth        | 6 |  6.8
Dodging        | 3 |  3.1
Fighting       | |  0.8
Spellcasting   | |  2.8
Hexes          | |  3.3
Ice Magic      | |  0.4

Action                     |  1- 3 |  4- 6 || total
---------------------------+-------+-------++-------
  Melee: Dagger            |    40 |    40 ||    80
   Cast: Ensorcelled Hiber |     2 |    11 ||    13
         Confusing Touch   |       |     1 ||     1
   Stab: Sleeping          |    15 |    17 ||    32
         Confused          |       |     1 ||     1
 Armour: Robe              |     4 |     4 ||     8
  Dodge: Dodged            |    15 |    20 ||    35

Table legend: (Time is in decaauts)
 A = Elapsed time spent in this place.
 B = Non-inter-level travel time spent in this place.
 C = Inter-level travel time spent in this place.
 D = Time resting spent in this place.
 E = Time spent auto-exploring this place.
 F = Levels seen in this place.
 G = Mean time per level.
                   A        B        C        D        E       F      G
               +--------+--------+--------+--------+--------+-----+--------+
         Total |   2059 |   1972 |     87 |      0 |   1690 |   3 |  686.3 |
       Dungeon |   2059 |   1972 |     87 |      0 |   1690 |   3 |  686.3 |
               +--------+--------+--------+--------+--------+-----+--------+

Top non-repeatable levels by time:
     D:2: 1228 daAuts
     D:1: 806 daAuts
     D:3: 24 daAuts
